 Dungeon Crawl Stone Soup version 0.31-a0-662-g684573625c (webtiles) character file.

Game seed: 12320195759830801126

200 demibob the Poker (level 5, -1/52 (61) HPs)
             Began as a Demonspawn Chaos Knight on Aug 31, 2023.
             Was a Plaything of Xom.
             Slain by Robin
             ... wielding a +0 club
              (2 damage)
             ... on level 4 of the Dungeon.
             The game lasted 00:04:58 (2644 turns).

demibob the Poker (Demonspawn Chaos Knight)         Turns: 2644, Time: 00:05:00

HP:   -1/52 (61)    AC: 22    Str: 18    XL:     5   Next: 49%
MP:   5/5           EV:  2    Int: 15    God:    Xom [....*.]
Gold: 193           SH:  0    Dex: 11    Spells: 1/4 levels left

rFire   . . .        a - +0 spear (chaos)
rCold   . . .        (no shield)
rNeg    . . .        b - melded +3 leather armour
rPois   +            (helmet currently unavailable)
rElec   .            (cloak currently unavailable)
rCorr   .            (gloves currently unavailable)
SInv    .            (boots currently unavailable)
Will    .....        (no amulet)
Stlth   +            S - +6 ring of strength
HPRegen 0.00/turn    (no ring)
MPRegen 0.09/turn

%: no passive effects
@: tree-form (expiring), inhibited regen, heavily drained
A: stationary, stasis, torment immunity, boosted hp, (large bone plates 1),
powered by death 1, demonic magic 1, (antennae 1), (camouflage 1), clumsy 1,
inhibited regeneration, (teleportitis 1), subdued magic 1
a: Renounce Religion


You were on level 4 of the Dungeon.
You worshipped Xom.
You were a beloved toy of Xom.
You were a tree.
You visited 1 branch of the dungeon, and saw 4 of its levels.

You collected 193 gold pieces.


Innate Abilities, Weirdness & Mutations

You are a tree.
Your roots penetrate the ground, keeping you stationary.
You cannot be teleported.
You are immune to unholy pain and torment.
Your maximum health is greatly increased.
Your equipment is partially melded.
((You are partially covered in large bone plates. (SH +4)))
You regenerate a little health from kills.
Spells you cast may paralyse adjacent enemies.
((You have a pair of small antennae on your head.))
((Your skin changes colour to match your surroundings (Stealth+).))
You are clumsy. (Dex -2)
You do not regenerate when monsters are visible.
((You are occasionally teleported next to monsters.))
Your spells are a little easier to cast, but a little less powerful.


   Skills:
 - Level 3.0 Fighting
 + Level 5.2 Polearms
 - Level 1.7 Armour
 - Level 0.8 Dodging
 + Level 1.9 Ice Magic


You had one spell level left.
You knew the following spells:

 Your Spells              Type           Power      Damage    Failure   Level
o - Ozocubu's Armour      Ice            4%         N/A       32%         3

Your spell library contained the following spells:

 Spells                   Type           Power      Damage    Failure   Level
 Ignite Poison            Fire/Tmut/Pois 0%         N/A       58%         3
 Petrify                  Tmut/Erth      0%         N/A       94%         4
 Freezing Cloud           Conj/Ice/Air   0%         6-21      99%         5
 Metabolic Englaciation   Hex/Ice        1%         N/A       99%         5

Inventory:

Hand Weapons
 a - a +0 spear of chaos (weapon)
Armour
 b - a +3 leather armour (melded)
Magical Staves
 h - a staff of poison {!a}
Jewellery
 F - a ring of fire
 S - a +6 ring of strength (left branch)
Wands
 g - a wand of flame (17)
Scrolls
 c - a scroll of butterflies
 d - 2 scrolls of teleportation {@r2}
 j - a scroll of revelation
 k - a scroll of fog
 m - a scroll of noise {unknown}
 o - 2 scrolls of amnesia
Potions
 f - 2 potions of enlightenment
 l - a potion of lignification

Dungeon Overview and Level Annotations

Branches:
Dungeon (4/15)
 Temple: D:4-7

Altars:

Annotations:
D:4 Blork the orc, Robin

#g# #g# #g# #g#
#g# #o# #g#
####♣# #.##g#
#.##.#########
###'#..........#
#............#
#............#
#............#
#.........†..#
#............#


You could see Blork the orc (fast), Robin (berserk, agile, resistant), 2
hobgoblins and 4 goblins.


Message History

Robin hits you but does no damage. The goblin hits you but does no damage.
Blork the orc gestures wildly while chanting.
Blork the orc seems to speed up.
Robin hits you but does no damage.
You barely miss Robin.
Robin is severely wounded.
You hear Xom's avuncular chuckle.
The hobgoblin seems to slow down.
The hobgoblin is no longer moving slowly.
Blork the orc hits you from afar with a +0 halberd.
* * * LOW HITPOINT WARNING * * *
Robin hits you with a +0 club.
* * * LOW HITPOINT WARNING * * *
The goblin hits you but does no damage.
Unknown command.
You barely miss Robin.
Robin is severely wounded.
Blork the orc hits you from afar with a +0 halberd.
* * * LOW HITPOINT WARNING * * *
Robin hits you but does no damage.
Unknown command.
You hit Robin.
Robin is almost dead.
Your transformation is almost over.
Blork the orc hits you but does no damage.
Robin hits you but does no damage. The goblin hits you but does no damage.
Blork the orc hits you but does no damage.
Robin hits you with a +0 club.
You die...
Robin says, "And that's why I'm the boss."
Xom is highly amused!

Skill      XL: |  1  2  3  4 |
---------------+-------------+-----
Polearms       | 3 4 5 |  5.2
Ice Magic      | 1 |  1.9
Fighting       | |  3.0
Armour         | |  1.7
Dodging        | |  0.8

Action                     |  1- 3 |  4- 6 || total
---------------------------+-------+-------++-------
  Melee: Spear             |   142 |   110 ||   252
         Punch             |       |     1 ||     1
  Evoke: Wand              |       |     2 ||     2
    Use: Scroll            |     4 |     6 ||    10
         Potion            |       |     3 ||     3
   Stab: Sleeping          |     2 |     7 ||     9
 Armour: Leather armour    |    58 |    27 ||    85
         Skin              |       |    46 ||    46
  Dodge: Dodged            |    42 |    34 ||    76
  Block: Other             |       |    11 ||    11

Levels and vault maps discovered:
D:1:      heliophobic_arrival_henge, layout_loops_corners
D:2:      layout_loops_ring, grunt_ministairs_1, due_unseen_surprise
D:3:      layout_basic, mainiacjoe_overflow_chevrons,
          amcnicky_mini_rare_corridor_liquid, corexii_item_surrounded_by_moat
D:4:      layout_basic, uniq_blork_the_orc, uniq_robin

Notes
Turn   | Place    | Note
-------+----------+-------------------------------------------
     0 | D:1      | demibob the Demonspawn Chaos Knight began the quest for the
                  | Orb.
     0 | D:1      | Reached XP level 1. HP: 18/18 MP: 1/1
   108 | D:1      | Reached skill level 3 in Polearms
   217 | D:1      | XOM: silly message
   236 | D:1      | Gained mutation: Spells you cast may paralyse adjacent
                  | enemies. [demonic ancestry]
   236 | D:1      | Reached XP level 2. HP: 24/24 MP: 2/2
   245 | D:1      | XOM: 3-stop teleportation journey
   534 | D:1      | XOM: 10-stop teleportation journey
   664 | D:1      | XOM: polymorph kobold -> river rat
   673 | D:1      | XOM: summons friendly shadow imp
   676 | D:1      | Gained mutation: You regenerate a little health from kills.
                  | [demonic ancestry]
   676 | D:1      | Reached XP level 3. HP: 19/29 MP: 3/3
  1088 | D:2      | Reached skill level 4 in Polearms
  1440 | D:2      | Gained mutation: You are partially covered in large bone
                  | plates. (SH +4) [demonic ancestry]
  1440 | D:2      | Reached XP level 4. HP: 33/35 MP: 4/4
  1803 | D:3      | XOM: give mutations
  1803 | D:3      | Gained mutation: Your magical capacity is low. (-10% MP)
                  | [Xom's mischief]
  1803 | D:3      | Gained mutation: You have a pair of small antennae on your
                  | head. [Xom's mischief]
  1803 | D:3      | Gained mutation: Your skin changes colour to match your
                  | surroundings (Stealth+). [Xom's mischief]
  1803 | D:3      | Gained mutation: Your spells are a little easier to cast,
                  | but a little less powerful. [Xom's mischief]
  1964 | D:3      | Got the Quarto of Arctic Transfiguration
  2050 | D:3      | Learned a level 3 spell: Ozocubu's Armour
  2317 | D:3      | XOM: give mutations
  2317 | D:3      | Gained mutation: You have hidden genetic defects. [Xom's
                  | mischief]
  2317 | D:3      | Gained mutation: You are clumsy. (Dex -2) [Xom's mischief]
  2317 | D:3      | Gained mutation: You passively dampen the noise of your
                  | surroundings. [Xom's mischief]
  2317 | D:3      | Gained mutation: Your flesh is heat resistant. (rF+) [Xom's
                  | mischief]
  2447 | D:3      | XOM: silly message
  2584 | D:4      | Noticed an ogre
  2590 | D:4      | Killed an ogre
  2591 | D:4      | Reached skill level 5 in Polearms
  2591 | D:4      | Reached skill level 1 in Ice Magic
  2591 | D:4      | Reached XP level 5. HP: 41/41 MP: 4/4
  2605 | D:4      | Gained mutation: You are occasionally teleported next to
                  | monsters. [hidden defects]
  2616 | D:4      | Noticed Robin
  2617 | D:4      | Lost mutation: You have hidden genetic defects. [potion of
                  | mutation]
  2617 | D:4      | Lost mutation: Your flesh is heat resistant. (rF+) [potion
                  | of mutation]
  2617 | D:4      | Lost mutation: You passively dampen the noise of your
                  | surroundings. [potion of mutation]
  2617 | D:4      | Lost mutation: Your magical capacity is low. (-10% MP)
                  | [potion of mutation]
  2617 | D:4      | Gained mutation: You do not regenerate when monsters are
                  | visible. [potion of mutation]
  2617 | D:4      | XOM: draining
  2621 | D:4      | Noticed Blork the orc
  2642 | D:4      | XOM: enchant monster (good)
  2642 | D:4      | HP: 5/52 [Robin/+0 club (2)]
  2643 | D:4      | HP: 1/52 [Blork the orc/+0 halberd (4)]
  2644 | D:4      | Slain by Robin

Vanquished Creatures
  An ogre (D:4)
  3 adders
  2 worms
  3 dart slugs
  3 ball pythons
  5 endoplasms
  7 giant cockroaches
  8 hobgoblins
  2 jackals (D:3)
  6 kobolds
  3 quokkas
  8 bats
  3 frilled lizards
  6 goblins
  9 rats
69 creatures vanquished.

Vanquished Creatures (collateral kills)
  A river rat (D:1)
1 creature vanquished.

Grand Total: 70 creatures vanquished

Table legend: (Time is in decaauts)
 A = Elapsed time spent in this place.
 B = Non-inter-level travel time spent in this place.
 C = Inter-level travel time spent in this place.
 D = Time resting spent in this place.
 E = Time spent auto-exploring this place.
 F = Levels seen in this place.
 G = Mean time per level.
                   A        B        C        D        E       F      G
               +--------+--------+--------+--------+--------+-----+--------+
         Total |   2614 |   2541 |     73 |      2 |   2032 |   4 |  653.5 |
       Dungeon |   2614 |   2541 |     73 |      2 |   2032 |   4 |  653.5 |
               +--------+--------+--------+--------+--------+-----+--------+

Top non-repeatable levels by time:
     D:1: 1033 daAuts
     D:3: 812 daAuts
     D:2: 694 daAuts
     D:4: 73 daAuts

Table legend:
 A = Non-vault XP
 B = Vault XP
 C = Vault XP percentage of total XP
 D = Non-vault monster count
 E = Vault monster count
 F = Vault count percentage of total count
                 A         B        C        D         E       F
            +---------+---------+-------+---------+---------+-------
      Total |     276 |      11 |   3.8 |      64 |       6 |   8.6
            +---------+---------+-------+---------+---------+-------
        D:1 |      49 |       0 |   0.0 |      24 |       0 |   0.0
        D:2 |      63 |       3 |   4.5 |      18 |       2 |  10.0
        D:3 |      36 |       0 |   0.0 |      19 |       0 |   0.0
        D:4 |     128 |       8 |   5.9 |       3 |       4 |  57.1
            +---------+---------+-------+---------+---------+-------
